 Dungeon Crawl Stone Soup version 0.23-a0-650-ga4d50d4d25 (webtiles) character file.

98 K1ngMX the Shield-Bearer (level 4, -13/29 HPs)
             Began as a Gargoyle Fighter on Jan 4, 2019.
             Mangled by an orc warrior
             ... wielding a +0 scimitar
              (15 damage)
             ... on level 6 of the Dungeon.
             The game lasted 00:05:38 (1623 turns).

K1ngMX the Shield-Bearer (Gargoyle Fighter)         Turns: 1623, Time: 00:05:39

Health: -13/29     AC: 11    Str: 20    XL:     4   Next: 71%
Magic:  4/4        EV:  7    Int:  9    God:
Gold:   186        SH:  9    Dex:  9    Spells: 3/3 levels left

rFire    . . .     SeeInvis .   a - +1 war axe
rCold    . . .     Gourm    .   c - +0 shield
rNeg     + . .     Faith    .   b - +0 scale mail
rPois    ∞         Spirit   .   i - +0 helmet
rElec    +         Reflect  .   (no cloak)
rCorr    .         Harm     .   (no gloves)
MR       .....                  (no boots)
Stlth    ..........             (no amulet)
HPRegen  0.09/turn              (no ring)
MPRegen  0.09/turn              (no ring)

@: no status effects
A: negative energy resistance 1, electricity resistance, unbreathing,
petrification resistance, rot immunity, AC +3
a: no special abilities


You were on level 6 of the Dungeon.
You were hungry.

You visited 1 branch of the dungeon, and saw 4 of its levels.

You collected 186 gold pieces.

Inventory:

Hand Weapons
 a - a +1 war axe (weapon)
Armour
 b - a +0 scale mail (worn)
 c - a +0 shield (worn)
 i - a +0 helmet (worn)
 k - a +0 helmet
 n - a +0 pair of gloves
Jewellery
 m - an uncursed ring of protection from fire
Scrolls
 e - 2 scrolls of noise {unknown}
 h - a scroll of immolation {unknown}
 j - a scroll of fear {unknown}
 l - 2 scrolls of identify
 o - 2 scrolls of enchant weapon
 p - a scroll of remove curse {unknown}
Potions
 d - a potion of might
Comestibles
 f - 2 rations


   Skills:
 + Level 4.0 Fighting
 * Level 3.3 Axes
 - Level 3.2 Armour
 + Level 4.1 Shields


You had 3 spell levels left.
You didn't know any spells.
Your spell library was empty.

Dungeon Overview and Level Annotations

Branches:
Dungeon (3/15)

Altars:
Qazlal
Xom

Annotations:
D:3 1 runed door, kaisn's ghost, amateur FoFi


Innate Abilities, Weirdness & Mutations

You are resistant to torment.
Your stone body is resilient. (AC +3)
You are immune to poison.
You resist negative energy. (rN+)
You are resistant to electric shocks. (rElec)
You can survive without breathing.
You are immune to petrification.
You are immune to rotting.


Message History

The orc wizard hits you but does no damage.
You block the orc warrior's attack.
You hit the orc wizard.
The orc wizard is severely wounded.
You hit the orc.
You kill the orc!
You hit the orc warrior.
The orc wizard hits you but does no damage.
You block the orc warrior's attack.
You slash the orc wizard!
You kill the orc wizard!
Your Fighting skill increases to level 4!
Your Shields skill increases to level 4!
You hit the orc warrior but do no damage.
You block the orc warrior's attack.
You hit the orc warrior.
The orc warrior is moderately wounded.
The orc warrior hits you with a +0 scimitar!
Ouch! That really hurt!
You die...

##########
.........##
#.........#
#.........#
#.....)o..+
#.....)@..#
#.....)...#
#.........#
#.........#
#.........#
#.........#
###########


You could see an orc warrior.

Vanquished Creatures
  An orc wizard (D:6)
  2 adders (D:2)
  2 dart slugs (D:2)
  2 leopard geckos (D:1)
  2 orcs (D:6)
  A ball python (D:1)
  3 bats
  3 giant cockroaches
  3 goblins
  7 hobgoblins
  8 kobolds
  4 frilled lizards
  4 rats
42 creatures vanquished.

Vanquished Creatures (others)
  5 toadstools (D:3)
5 creatures vanquished.

Grand Total: 47 creatures vanquished

Notes
Turn   | Place    | Note
-------+----------+-------------------------------------------
     0 | D:1      | K1ngMX the Gargoyle Fighter began the quest for the Orb.
     0 | D:1      | Reached XP level 1. HP: 14/14 MP: 1/1
   106 | D:1      | Reached XP level 2. HP: 11/19 MP: 2/2
   812 | D:2      | Reached XP level 3. HP: 23/23 MP: 3/3
  1094 | D:2      | Found a shimmering altar of Xom.
  1099 | D:2      | Reached XP level 4. HP: 29/29 MP: 4/4
  1234 | D:3      | Noticed a water elemental
  1235 | D:3      | Found a stormy altar of Qazlal.
  1237 | D:3      | Noticed an earth elemental
  1237 | D:3      | Noticed a fire elemental
  1237 | D:3      | Noticed an air elemental
  1283 | D:3      | Found a runed door.
  1290 | D:3      | Noticed a bullfrog
  1290 | D:3      | Noticed kaisn's ghost (amateur FoFi)
  1614 | D:3      | You fall through a shaft for 3 floors!
  1614 | D:6      | Noticed an orc warrior
  1623 | D:6      | Mangled by an orc warrior

Vault maps used:
D:1:      lemuel_arrival_cross, serial_glass, glass_columns_a, glass_columns_c,
          feat_on_display, due_unseen_surprise, feat_on_display,
          minmay_pentomino_q4
D:2:      cheibrodos_pilgrimage, lemuel_crystal_altar, first_ration
D:3:      cheibrodos_fertilizer, nicolae_qazlal_style_of_elements,
          ebering_ghost_sewer_d
D:6:      minmay_temple_entry_stoned_glass, nicolae_ossuary_entry_monument,
          ebering_ghost_reflecting_pool, uniq_pikel

Skill      XL: |  1  2  3  4 |
---------------+-------------+-----
Axes           | 2 3 |  3.3
Fighting       | 4 |  4.0
Shields        | 4 |  4.1
Armour         | |  3.2

Action                   |  1- 3 |  4- 6 || total
-------------------------+-------+-------++-------
Melee: War axe           |   121 |    28 ||   149
  Use: Scroll            |       |     2 ||     2
  Eat: Chunk             |     1 |     1 ||     2
Armor: Scale mail        |    82 |    17 ||    99
Dodge: Dodged            |    52 |     6 ||    58
Block: Shield            |    89 |    22 ||   111

Table legend:
 A = Non-vault XP
 B = Vault XP
 C = Vault XP percentage of total XP
 D = Non-vault monster count
 E = Vault monster count
 F = Vault count percentage of total count
                 A         B        C        D         E       F
            +---------+---------+-------+---------+---------+-------
      Total |     126 |      15 |  10.6 |      35 |       7 |  16.7
            +---------+---------+-------+---------+---------+-------
        D:1 |      25 |       8 |  24.2 |      16 |       3 |  15.8
        D:2 |      49 |       0 |   0.0 |      13 |       0 |   0.0
        D:3 |       4 |       7 |  63.6 |       3 |       4 |  57.1
        D:6 |      48 |       0 |   0.0 |       3 |       0 |   0.0
            +---------+---------+-------+---------+---------+-------
